 Dungeon Crawl Stone Soup version 0.29.0-4-gdea44cf6ec (webtiles) character file.

Game seed: 12437601226242555278

82 qw the Chopper (level 4, 0/26 HPs)
             Began as a Tengu Warper on Aug 28, 2022.
             Killed from afar by an orc wizard (10 damage)
             ... with a magic dart
             ... on level 3 of the Dungeon.
             The game lasted 00:00:16 (2960 turns).

qw the Chopper (Tengu Warper)                       Turns: 2960, Time: 00:00:16

Health: 0/26       AC:  3    Str: 13    XL:     4   Next: 43%
Magic:  8/8        EV: 12    Int: 14    God:
Gold:   120        SH:  0    Dex: 13    Spells: 7/7 levels left

rFire   . . .      SeeInvis .   Y - +0 war axe
rCold   . . .      Faith    .   (no shield)
rNeg    . . .      Spirit   .   b - +0 leather armour
rPois   .          Reflect  .   (helmet restricted)
rElec   .          Harm     .   (no cloak)
rCorr   .          Rampage  .   (no gloves)
Will    .....                   (boots unavailable)
Stlth   +.........              (no amulet)
HPRegen 0.08/turn               (no ring)
MPRegen 0.11/turn               (no ring)

@: no status effects
A: beak, talons 3
a: no special abilities


You were on level 3 of the Dungeon.
You visited 1 branch of the dungeon, and saw 3 of its levels.

You collected 120 gold pieces.


Innate Abilities, Weirdness & Mutations

You have a beak for a mouth.
You have claws for feet.


   Skills:
 - Level 2.0 Fighting
 + Level 5.0 Axes
 - Level 1.0 Throwing
 - Level 1.1 Armour
 - Level 2.1 Dodging
 - Level 2.0 Spellcasting
 - Level 2.4 Translocations


You had 7 spell levels left.
You didn't know any spells.
Your spell library contained the following spells:

 Spells                   Type           Power      Damage    Failure   Level
 Blink                    Tloc           16%        N/A       17%         2
 Gell's Gravitas          Tloc           8%         N/A       34%         3
 Lesser Beckoning         Tloc           8%         N/A       34%         3
 Teleport Other           Tloc           8%         N/A       34%         3
 Manifold Assault         Tloc           8%         N/A       97%         5

Inventory:

Hand Weapons
 l - a +0 mace
 Y - a +0 war axe (weapon)
Armour
 b - a +0 leather armour (worn)
Scrolls
 c - 3 scrolls of immolation {unknown}
 g - 2 scrolls of identify
 j - a scroll of enchant armour
 k - a scroll of fear {unknown}
 n - a scroll of teleportation
 p - a scroll of poison {unknown}
Potions
 a - a potion of cancellation {unknown}
 d - 2 potions of degeneration {unknown}
 e - a potion of curing {unknown}
 f - a potion of mutation {unknown}
 h - a potion of heal wounds
 i - a potion of resistance {unknown}
 m - a potion of attraction {unknown}
 o - a potion of might {unknown}
 q - a potion of flight {unknown}

Dungeon Overview and Level Annotations

Branches:
Dungeon (3/15)

Altars:

Shops:
D:2 [


Message History

You hear some strange, mumbled words.
You are confused.
You bump into the rock wall.
You bump into the rock wall.
Something hits you but does no damage.
You barely miss something. Your kick misses something.
Something barely misses you.
You hear some strange, mumbled words.
You are more confused.
You bump into the rock wall.
Something hits you.
You closely miss something. Your peck misses something.
Something hits you but does no damage.
You closely miss something. Your kick misses something.
Something hits you but does no damage.
You see here a quokka corpse.
You bump into the rock wall.
Something hits you.
You bump into the rock wall.
You hear some strange, mumbled words.
A puff of flame appears from out of thin air!
The puff of flame hits you!
2949 ||| DRINKING 2 potions of heal wounds.
You feel much better. Something hits you.
You miss something. Your peck misses something.
You feel less confused. Something hits you.
2951 ||| FLEEEEING.
Something hits you.
A magic dart appears from out of thin air!
The magic dart hits you!
2952 ||| FLEEEEING.
2953 ||| FLEEEEING.
2955 ||| FLEEEEING.
2956 ||| FLEEEEING.
2957 ||| FLEEEEING.
2958 ||| FLEEEEING.
A magic dart appears from out of thin air!
The magic dart hits you!
You die...

#####......########....... ###
#>............%o...)...... ...
#.##.........######....... ###
#................######### #
##...............'....... .
#.##......#.....######## #
#.........##.##....#
#####.....##{#####.#
###.####...@##.# #.# ####....#
####### #.# #####..# #.....#
#.# #......###.....##### #.#
#..............'...# ######.###
#..............###.# #(.......#
#.....####.....###.# #........#
#.....# #.....'...#
#........###.....####.....##..'


There were no monsters in sight!

Vanquished Creatures
  2 worms (D:1)
  A dart slug (D:2)
  4 orcs (D:3)
  2 ball pythons
  6 bats
  7 endoplasms
  A giant cockroach (D:1)
  5 goblins
  6 hobgoblins
  4 jackals (D:1)
  9 kobolds
  3 quokkas
  3 frilled lizards
  10 rats
63 creatures vanquished.

Notes
Turn   | Place    | Note
-------+----------+-------------------------------------------
     0 | D:1      | qw the Tengu Warper began the quest for the Orb.
     0 | D:1      | Reached XP level 1. HP: 12/12 MP: 4/4
     0 | D:1      | 0 ||| qw: Version: 0.1-a-89-g26bdef1
     0 | D:1      | 0 ||| qw: Game counter: 82
     0 | D:1      | 0 ||| qw: Always use a shield: true
     0 | D:1      | 0 ||| qw: God list: Okawaru
     0 | D:1      | 0 ||| qw: Allow faded altars: false
     0 | D:1      | 0 ||| qw: Do Orc after D:15 true
     0 | D:1      | 0 ||| qw: Do second Lair branch before Depths: true
     0 | D:1      | 0 ||| qw: Lair rune preference: random
     0 | D:1      | 0 ||| qw: Plans: Normal
     0 | D:1      | 0 ||| PLANNING D:1-11
    87 | D:1      | Reached skill level 3 in Axes
    87 | D:1      | Reached XP level 2. HP: 17/17 MP: 6/6
   374 | D:1      | HP: 4/17 [frozen (5)]
   377 | D:1      | 377 ||| Stepping ~*~*~tactically~*~*~ (stealth).
   645 | D:1      | 645 ||| Stepping ~*~*~tactically~*~*~ (stealth).
   646 | D:1      | 646 ||| Stepping ~*~*~tactically~*~*~ (stealth).
   653 | D:1      | Reached XP level 3. HP: 18/21 MP: 7/7
   918 | D:1      | Reached skill level 4 in Axes
   980 | D:1      | Found a faded altar of an unknown god.
  1171 | D:1      | 1171 ||| DROPPING orb of guile.
  1172 | D:1      | 1172 ||| READING scroll labelled TOAKHO FUHASATE.
  1173 | D:1      | 1173 ||| READING scroll labelled LEKLUMP JUUREK.
  1174 | D:1      | 1174 ||| READING scroll labelled OSUYCA KOGOE.
  1177 | D:1      | 1177 ||| DRINKING 2 glowing black potions.
  1178 | D:1      | 1178 ||| DROPPING scroll of blinking.
  1212 | D:2      | 1212 ||| STAIRDANCE
  1315 | D:2      | Found Kabaag's Antique Armour Boutique.
  1327 | D:2      | 1327 ||| SHOPLISTING heavily runed scale mail (180 gold,
                  | have 55).
  1327 | D:2      | 1327 ||| SHOPLISTING ring mail (80 gold, have 55).
  1327 | D:2      | 1327 ||| SHOPLISTING runed orb (240 gold, have 55).
  1327 | D:2      | 1327 ||| SHOPLISTING shiny scale mail (140 gold, have 55).
  1327 | D:2      | 1327 ||| SHOPLISTING warped gold dragon scales (1700 gold,
                  | have 55).
  1446 | D:2      | 1446 ||| DROPPING +0 club.
  1548 | D:2      | 1548 ||| Stepping ~*~*~tactically~*~*~ (stealth).
  1568 | D:2      | 1568 ||| FLEEEEING.
  1569 | D:2      | 1569 ||| FLEEEEING.
  1570 | D:2      | 1570 ||| FLEEEEING.
  1609 | D:2      | 1609 ||| Stepping ~*~*~tactically~*~*~ (stealth).
  1630 | D:2      | 1630 ||| SWAPPING to +0 war axe.
  1631 | D:2      | 1631 ||| DROPPING +0 hand axe.
  1724 | D:2      | 1724 ||| Stepping ~*~*~tactically~*~*~ (hiding).
  1828 | D:2      | 1828 ||| Stepping ~*~*~tactically~*~*~ (hiding).
  1830 | D:2      | 1830 ||| Stepping ~*~*~tactically~*~*~ (hiding).
  1831 | D:2      | 1831 ||| Stepping ~*~*~tactically~*~*~ (hiding).
  1838 | D:2      | Reached XP level 4. HP: 26/26 MP: 8/8
  2076 | D:2      | Found the +6 arbalest "Damnation" {damnation}
  2105 | D:2      | 2105 ||| Stepping ~*~*~tactically~*~*~ (stealth).
  2209 | D:2      | 2209 ||| DROPPING scarf of invisibility.
  2210 | D:2      | 2210 ||| READING scroll labelled BOHA LAIMA.
  2211 | D:2      | 2211 ||| READING scroll labelled ACKUMA JIOFFEU.
  2312 | D:2      | 2312 ||| READING scroll labelled UJACIDGHUPTA.
  2313 | D:2      | 2313 ||| READING scroll labelled GIUTHY FICO.
  2931 | D:3      | Reached skill level 5 in Axes
  2938 | D:3      | 2938 ||| FLEEEEING.
  2948 | D:3      | HP: 2/26 [something/puff of flame (10)]
  2949 | D:3      | 2949 ||| DRINKING 2 potions of heal wounds.
  2951 | D:3      | 2951 ||| FLEEEEING.
  2952 | D:3      | 2952 ||| FLEEEEING.
  2953 | D:3      | 2953 ||| FLEEEEING.
  2955 | D:3      | 2955 ||| FLEEEEING.
  2956 | D:3      | 2956 ||| FLEEEEING.
  2957 | D:3      | 2957 ||| FLEEEEING.
  2958 | D:3      | 2958 ||| FLEEEEING.
  2960 | D:3      | Killed from afar by an orc wizard

Levels and vault maps discovered:
D:1:      moated_graveyard_arrival, layout_basic,
          hellmonk_ecumenical_altar_dog_temple, nicolae_wormholes
D:2:      layout_basic, serial_shops, shop, minmay_fountain_box
D:3:      layout_basic, serial_corexii_hall, corexii_hall_statues_s,
          chequers_hall_statues_corner_a

Skill      XL: |  1  2  3  4 |
---------------+-------------+-----
Axes           | 3 4 5 |  5.0
Fighting       | |  2.0
Throwing       | |  1.0
Armour         | |  1.1
Dodging        | |  2.1
Spellcasting   | |  2.0
Translocations | |  2.4

Action                   |  1- 3 |  4- 6 || total
-------------------------+-------+-------++-------
Melee: Hand axe          |    99 |       ||    99
       Kick              |    25 |     9 ||    34
       Peck              |    11 |     1 ||    12
       War axe           |     1 |    39 ||    40
Throw: Boomerang         |     7 |       ||     7
  Use: Scroll            |     3 |     4 ||     7
       Potion            |     1 |     1 ||     2
Armor: Leather armour    |    23 |     9 ||    32
Dodge: Dodged            |    44 |    22 ||    66

Table legend:
 A = Non-vault XP
 B = Vault XP
 C = Vault XP percentage of total XP
 D = Non-vault monster count
 E = Vault monster count
 F = Vault count percentage of total count
                 A         B        C        D         E       F
            +---------+---------+-------+---------+---------+-------
      Total |     104 |      14 |  11.9 |      59 |       4 |   6.3
            +---------+---------+-------+---------+---------+-------
        D:1 |      47 |      14 |  23.0 |      29 |       4 |  12.1
        D:2 |      30 |       0 |   0.0 |      17 |       0 |   0.0
        D:3 |      27 |       0 |   0.0 |      13 |       0 |   0.0
            +---------+---------+-------+---------+---------+-------
